 Dungeon Crawl Stone Soup version 0.28.0-53-g5a82cb258f (webtiles) character file.

Game seed: 10654928455788653696

171 Sin92 the Skirmisher (level 5, 0/42 HPs)
             Began as a Demonspawn Fighter on June 29, 2022.
             Slain by an orc
             ... wielding a +0 hand axe
              (3 damage)
             ... on level 4 of the Dungeon.
             The game lasted 00:02:54 (2932 turns).

Sin92 the Skirmisher (Demonspawn Fighter)           Turns: 2932, Time: 00:02:54

Health: 0/42       AC:  6    Str: 19    XL:     5   Next: 26%
Magic:  5/5        EV: 10    Int:  9    God:
Gold:   103        SH:  4    Dex: 12    Spells: 4/4 levels left

rFire   . . .      SeeInvis .   a - +2 war axe
rCold   . . .      Faith    .   c - +0 buckler
rNeg    . . .      Spirit   .   b - +0 scale mail
rPois   .          Reflect  .   (helmet restricted)
rElec   .          Harm     .   (no cloak)
rCorr   .          Rampage  .   (no gloves)
Will    .....                   (no boots)
Stlth   ..........              (no amulet)
HPRegen 0.14/turn               (no ring)
MPRegen 0.09/turn               (no ring)

@: no status effects
A: antennae 1, spiny 1, sturdy frame 1
a: no special abilities


You were on level 4 of the Dungeon.
You visited 1 branch of the dungeon, and saw 4 of its levels.

You collected 103 gold pieces.

Inventory:

Hand Weapons
 a - a +2 war axe (weapon)
Armour
 b - a +0 scale mail (worn)
 c - a +0 buckler (worn)
Wands
 k - a wand of flame (27)
 m - a wand of polymorph (5)
Scrolls
 i - a scroll of teleportation
Potions
 d - a potion of might
 f - a potion of cancellation {unknown}
 g - a potion of curing {unknown}
 h - a potion of lignification {unknown}
 j - 2 potions of attraction {unknown}
 l - 2 potions of magic {unknown}


   Skills:
 + Level 3.6 Fighting
 * Level 3.1 Axes
 + Level 3.3 Armour
 + Level 1.6 Dodging
 + Level 3.2 Shields


You had 4 spell levels left.
You didn't know any spells.
Your spell library contained the following spells:

 Spells                   Type           Power      Damage    Failure   Level
 Slow                     Hex            0%         N/A       71%         1
 Confusing Touch          Hex            0%         N/A       97%         3
 Vampiric Draining        Necr           0%         2d6       97%         3


Dungeon Overview and Level Annotations

Branches:
Dungeon (4/15)
 Temple: D:4-7

Altars:

Shops:
D:1 *   D:3 (


Innate Abilities, Weirdness & Mutations

You have a pair of small antennae on your head.
You are partially covered in sharp spines.
Your movements are slightly less encumbered by armour. (ER -2)


Message History

You are too injured to fight recklessly!
You hit the orc priest.
The orc priest is heavily wounded.
An endoplasm comes into view.
The orc priest calls down the wrath of Beogh upon you.
Pain shoots through your body!
Unknown command.
You closely miss the orc priest.
The orc priest is moderately wounded.
The endoplasm quivers.
The orc priest mumbles some strange prayers to Beogh against you.
Pain shoots through your body!
* * * LOW HITPOINT WARNING * * *
Unknown command.
The orc closely misses you. The orc is struck by your spines.
The orc hits you but does no damage. You block the orc priest's attack.
Unknown command.
Unknown command.
The orc priest casts a cantrip, but nothing happens.
The endoplasm is struck by your spines.
The endoplasm hits you but does no damage.
Unknown command.
The orc closely misses you.
The orc priest is struck by your spines.
The orc priest misses you. The endoplasm freezes you.
You are frozen.
* * * LOW HITPOINT WARNING * * *
You slash the orc priest!
You kill the orc priest!
You closely miss the orc. You hit the endoplasm. You block the orc's attack.
The endoplasm is struck by your spines.
The endoplasm hits you but does no damage.
The orc hits you but does no damage.
You closely miss the orc.
The orc is moderately wounded.
You barely miss the orc. You slash the endoplasm!
You kill the endoplasm!
The orc barely misses you. The orc hits you with a +0 hand axe.
You die...

...####..#
##....... .#
#..## ##.........
#...###......>...
##..##...........
#..##.).........
##....).........
#..............
#....oo........
##....@........
#.[.........##
#..........##
##..######## #..#
#.. ##.


You could see 2 orcs.

Vanquished Creatures
  An orc priest (D:4)
  Ijyb (D:3)
  3 adders
  A worm (D:3)
  A dart slug (D:1)
  5 orcs
  12 ball pythons
  5 endoplasms
  3 giant cockroaches
  8 goblins
  6 hobgoblins
  6 jackals (D:2)
  2 quokkas
  6 bats
  3 frilled lizards
  6 kobolds
  6 rats
75 creatures vanquished.

Notes
Turn   | Place    | Note
-------+----------+-------------------------------------------
     0 | D:1      | Sin92 the Demonspawn Fighter began the quest for the Orb.
     0 | D:1      | Reached XP level 1. HP: 18/18 MP: 1/1
   180 | D:1      | Gained mutation: Your movements are slightly less
                  | encumbered by armour. (ER -2) [demonic ancestry]
   180 | D:1      | Reached XP level 2. HP: 21/24 MP: 2/2
   717 | D:1      | Found Akhotrag's Assorted Antiques.
   929 | D:1      | Found a faded altar of an unknown god.
   969 | D:2      | Gained mutation: You have a pair of small antennae on your
                  | head. [demonic ancestry]
   969 | D:2      | Reached XP level 3. HP: 29/29 MP: 3/3
  1406 | D:2      | Reached skill level 1 in Dodging
  1901 | D:3      | Found Niampeiv's Weapon Boutique.
  1946 | D:3      | Gained mutation: You are partially covered in sharp spines.
                  | [demonic ancestry]
  1946 | D:3      | Reached XP level 4. HP: 34/35 MP: 4/4
  2556 | D:3      | Noticed Ijyb
  2567 | D:3      | Killed Ijyb
  2854 | D:3      | Reached XP level 5. HP: 41/41 MP: 5/5
  2932 | D:4      | Slain by an orc

Illustrated notes

Levels and vault maps discovered:
D:1:      ncdulo_smallfort, layout_basic,
          shapermc_ecumenical_altar_mp_urbaneastern, serial_shops, shop
D:2:      layout_basic, grunt_ministairs_4
D:3:      layout_basic, serial_shops, shop, minmay_misc_feat_enclosed,
          minmay_quantized, uniq_ijyb
D:4:      layout_cave_pods, hangedman_decor_riveting, fountainhead, uniq_robin

Skill      XL: |  1  2  3  4 |
---------------+-------------+-----
Axes           | 2 3 |  3.1
Armour         | 3 |  3.3
Shields        | 3 |  3.2
Dodging        | 1 |  1.6
Fighting       | |  3.6

Action                   |  1- 3 |  4- 6 || total
-------------------------+-------+-------++-------
Melee: War axe           |   151 |    51 ||   202
  Use: Scroll            |       |     3 ||     3
Armor: Scale mail        |    82 |    18 ||   100
Dodge: Dodged            |    91 |    17 ||   108
Block: Buckler           |    40 |    13 ||    53
